 Dungeon Crawl Stone Soup version 0.28-a0-664-gc179e30c89 (webtiles) character file.

Game seed: 9816729233959582728

5 Alythanul the Skirmisher (level 1, -2/21 HPs)
             Began as a Naga Fighter on Oct 15, 2021.
             Slain by a gnoll (4 damage)
             ... on level 1 of the Dungeon.
             The game lasted 00:01:51 (183 turns).

Alythanul the Skirmisher (Naga Fighter)              Turns: 183, Time: 00:01:51

Health: -2/21      AC:  4    Str: 18    XL:     1   Next: 80%
Magic:  1/1        EV:  7    Int:  8    God:
Gold:   0          SH:  4    Dex: 10    Spells: 0/0 levels left

rFire   . . .      SeeInvis +   a - +0 war axe
rCold   . . .      Faith    .   c - +0 buckler
rNeg    . . .      Spirit   .   b - +0 scale mail
rPois   +          Reflect  .   (no helmet)
rElec   .          Harm     .   (no cloak)
rCorr   .          Rampage  .   (no gloves)
Will    .....                   (no barding)
Stlth   ..........              (no amulet)
HPRegen 0.07/turn               (no ring)
MPRegen 0.07/turn               (no ring)

@: mighty, short of breath, very slow
A: AC +0, large, see invisible, deformed body, poison resistance, slowness 2,
spit poison 1, naga tail 1
a: Spit Poison


You were on level 1 of the Dungeon.
You visited 1 branch of the dungeon, and saw 1 of its levels.

Inventory:

Hand Weapons
 a - a +0 war axe (weapon)
Armour
 b - a +0 scale mail (worn)
 c - a +0 buckler (worn)
Potions
 e - a potion of mutation {unknown}


   Skills:
 + Level 3.0 Fighting
 * Level 2.1 Axes
 * Level 2.5 Armour
 - Level 2.4 Shields
 + Level 0.2 Spellcasting


You couldn't memorise any spells.
You didn't know any spells.
Your spell library was empty.

Dungeon Overview and Level Annotations

Branches:
Dungeon (1/15)

Altars:


Innate Abilities, Weirdness & Mutations

Your serpentine skin is tough. (AC +0)
You have supernaturally acute eyesight. (SInv)
Armour fits poorly on your strangely shaped body.
Your system is resistant to poisons. (rPois)
You cover ground very slowly.
You can spit poison.
You have a snake-like lower body.


Message History

A rat comes into view.
A bat comes into view.
A gnoll comes into view. It is wielding a +0 spear.
The gnoll shouts!
The bat barely misses you.
A giant cockroach comes into view.
The bat hits you but does no damage.
You hit the rat.
You kill the rat!
You hit the bat. The bat hits you but does no damage.
A bat comes into view.
You slash the bat!
You kill the bat!
You block the gnoll's attack. The bat barely misses you.
The gnoll hits you from afar with a +0 spear.
You see here a rat corpse.
You block the bat's attack. The bat hits you but does no damage.
The bat barely misses you. The bat hits you but does no damage.
The gnoll hits you from afar with a +0 spear!
The bat hits you but does no damage.
The giant cockroach waves its antennae.
The giant cockroach bites you.
The gnoll hits you from afar with a +0 spear.
* * * LOW HITPOINT WARNING * * *
The giant cockroach bites you but does no damage.
The bat hits you but does no damage. The bat closely misses you.
Press: ? - help, Shift-Dir - straight line The splash of poison hits the bat.
The bat is poisoned.
You kill the bat!
You feel very mighty all of a sudden.
The giant cockroach bites you but does no damage.
The gnoll barely misses you. The giant cockroach bites you.
* * * LOW HITPOINT WARNING * * *
You slash the giant cockroach!
You kill the giant cockroach!
The gnoll hits you but does no damage.
The gnoll hits you from afar with a +0 spear.
You die...

.#.#..................#
.#.#.........#........#
.# #..####.#.#........#
## #.......#.#........#
# #...##..#.###.######
# #.# ...#.# #.# #
.##.#.# #.# .. ..#.#
#.# . ## ###.# #@# ...
#.###†######.....
#..g..†.!......
#...........###
#..............
....#.######.....
.....#.# .....
#.....#.# ....
.(....#.# ...


You could see a gnoll.

Vanquished Creatures
  2 bats (D:1)
  An endoplasm (D:1)
  A giant cockroach (D:1)
  A frilled lizard (D:1)
  A goblin (D:1)
  A rat (D:1)
7 creatures vanquished.

Notes
Turn   | Place    | Note
-------+----------+-------------------------------------------
     0 | D:1      | Alythanul the Naga Fighter began the quest for the Orb.
     0 | D:1      | Reached XP level 1. HP: 21/21 MP: 1/1
   183 | D:1      | Slain by a gnoll

Illustrated notes

Levels and vault maps discovered:
D:1:      eino_arrival_water_star, layout_basic, hex_large, minmay_pentomino_w4

Action                   || total
-------------------------++-------
Melee: War axe           ||    12
 Abil: Spit Poison       ||     1
  Use: Potion            ||     1
Armor: Scale mail        ||    12
Dodge: Dodged            ||     9
Block: Buckler           ||     2

Table legend: (Time is in decaauts)
 A = Elapsed time spent in this place.
 B = Non-inter-level travel time spent in this place.
 C = Inter-level travel time spent in this place.
 D = Time resting spent in this place.
 E = Time spent auto-exploring this place.
 F = Levels seen in this place.
 G = Mean time per level.
                   A        B        C        D        E       F      G
               +--------+--------+--------+--------+--------+-----+--------+
         Total |    211 |    211 |      0 |      0 |    163 |   1 |  211.0 |
       Dungeon |    211 |    211 |      0 |      0 |    163 |   1 |  211.0 |
               +--------+--------+--------+--------+--------+-----+--------+

Top non-repeatable levels by time:
     D:1: 211 daAuts
